 Dungeon Crawl Stone Soup version 0.19.0-2-gae57169 (webtiles) character file.

196 Eviona the Insei (level 5, -3/44 HPs)
             Began as a Draconian Transmuter on Nov 4, 2016.
             Slain by a wight
             ... wielding a +5 morningstar of freezing
              (8 damage)
             ... on level 2 of the Dungeon.
             The game lasted 00:08:41 (2244 turns).

Eviona the Insei (Draconian Transmuter)             Turns: 2244, Time: 00:08:42

Health: -3/44      AC:  6    Str: 12    XL:     5   Next: 46%
Magic:  5/8        EV: 12    Int: 13    God:
Gold:   127        SH:  0    Dex: 13    Spells: 2 memorised, 4 levels left

rFire  . . .     SeeInvis .       - Unarmed
rCold  . . .     Gourm    .     (armour unavailable)
rNeg   . . .     Faith    .     (no shield)
rPois  .         Spirit   .     (helmet restricted)
rElec  .         Reflect  .     (no cloak)
rCorr  .         Harm     .     n - +0 pair of gloves
MR     .....                    (no boots)
Stlth  +.........               (no amulet)
                                (no ring)
                                (no ring)

@: very slightly contaminated, drained
A: unfitting armour, cold-blooded, AC +5
a: no special abilities


You were on level 2 of the Dungeon.
You were hungry.

You visited 1 branch of the dungeon, and saw 3 of its levels.

You collected 127 gold pieces.

Inventory:

Missiles
 a - 12 arrows
Armour
 n - a +0 pair of gloves (worn)
Jewellery
 k - a cursed ring of loudness {unknown}
 m - a +5 ring of intelligence {unknown}
Scrolls
 d - a scroll of enchant weapon {unknown}
 f - 3 scrolls of amnesia {unknown}
 g - 3 scrolls of blinking {unknown}
 i - 3 scrolls of remove curse {unknown}
 o - a scroll of identify {unknown}
 p - a scroll of fog {unknown}
 q - a scroll of enchant armour {unknown}
 t - a scroll of magic mapping {unknown}
Potions
 e - a potion of curing {unknown}
 h - a potion of mutation {unknown}
 l - a potion of lignification {unknown}
 r - a potion of cure mutation {unknown}
 s - a potion of brilliance {unknown}
Books
 b - a book of Changes

   Spells                             Type                      Level
   a - Beastly Appendage              Transmutation                1
   b - Sticks to Snakes               Transmutation                2
   c - Spider Form                    Transmutation/Poison         3
   d - Ice Form                       Ice/Transmutation            4
   e - Blade Hands                    Transmutation                5
Comestibles
 c - a bread ration
 j - a beef jerky
 u - a meat ration
 v - 2 chunks of flesh


   Skills:
 + Level 2.9(2.2) Fighting
 - Level 1.7(1.0) Dodging
 + Level 4.2(3.5) Unarmed Combat
 - Level 2.0(1.3) Spellcasting
 - Level 4.0(3.3) Transmutations


You had 4 spell levels left.
You knew the following spells:

 Your Spells              Type           Power        Failure   Level  Hunger
a - Beastly Appendage     Tmut           #.....       10%         1    ##.....
b - Spider Form           Tmut/Pois      #.........   52%         3    ####...


Dungeon Overview and Level Annotations

Branches:
Dungeon (3/15)

Altars:
Dithmenos
Hepliaklqana


Innate Abilities, Weirdness & Mutations

Your plain brown scales are hard. (AC +5)
You cannot fit into any form of body armour.
You are cold-blooded and may be slowed by cold attacks.


Message History

Your +0 pair of gloves unmelds from your body.
Things that are here:
a short sword; a robe The wight hits you with a morningstar of freezing.
* * * LOW HITPOINT WARNING * * *
You feel yourself slow down. The wight freezes you.
* * * LOW HITPOINT WARNING * * *
You feel yourself speed up.
There is a stone staircase leading up here.
The wight closely misses you.
You climb upwards.
There is a stone staircase leading down here.
Some of the chunks of flesh in your inventory have rotted away.
Casting: Spider Form
Confirm with . or Enter, or press ? or * to list all spells.
You miscast Spider Form.
You are very lightly contaminated with residual magic.
You feel a strange surge of energy!
The wight hits you with a morningstar of freezing!
You die...

#..........#
##........##
#..........#
#####
#..........##
##....
#...........#
##.....
#...........#
#......
#......(....##
#......
##........#..###
#......
##......###.@.##
##...... ###..###
###z.# #.......
#.## ##.#
##†....†. ##.#
#.######..#.....
#..#
##.>#.....###....
#.## #.....#####
###.8 #######.#
#.###.# #..
........# ##.#
#.#### #..
........# ##..#
#....# #..


You could see a wight.

Vanquished Creatures
  A wight (D:3)
  A quasit (D:3)
  An orc priest (D:3)
  2 gnolls (D:1)
  2 adders (D:2)
  A worm (D:2)
  2 dart slugs
  A leopard gecko (D:1)
  3 orcs (D:3)
  A giant cockroach (D:2)
  3 goblins (D:1)
  5 hobgoblins
  7 kobolds
  A quokka (D:3)
  10 bats
  3 frilled lizards
  A quokka skeleton (D:3)
  6 rats
51 creatures vanquished.

Notes
Turn   | Place    | Note
-------+----------+-------------------------------------------
     0 | D:1      | Eviona the Draconian Transmuter began the quest for the Orb.
     0 | D:1      | Reached XP level 1. HP: 16/16 MP: 3/3
   371 | D:2      | Reached XP level 2. HP: 14/23 MP: 3/5
   533 | D:2      | Reached XP level 3. HP: 28/28 MP: 4/6
   649 | D:2      | Found a faded altar of an unknown god.
   946 | D:1      | Learned a level 3 spell: Spider Form
  1178 | D:1      | Reached XP level 4. HP: 20/35 MP: 4/7
  1710 | D:3      | Reached XP level 5. HP: 24/42 MP: 5/8
  1919 | D:3      | Found a shadowy altar of Dithmenos.
  1919 | D:3      | Found a hazy altar of Hepliaklqana.
  2244 | D:2      | Slain by a wight

Skill      XL: |  1  2  3  4  5 |
---------------+----------------+-----
Transmutations | 3 4 |  4.0
Fighting       | 2 |  2.9
Unarmed Combat | 4 |  4.2
Dodging        | |  1.7
Spellcasting   | |  2.0

Action                   |  1- 3 |  4- 6 || total
-------------------------+-------+-------++-------
Melee: Unarmed           |   104 |    89 ||   193
       Tailslap          |     8 |     5 ||    13
       Kick              |     6 |       ||     6
       Punch             |     1 |     1 ||     2
 Cast: Beastly Appendage |     6 |       ||     6
       Spider Form       |     2 |     5 ||     7
 Stab: Sleeping          |       |     2 ||     2
  Eat: Chunk             |     1 |     4 ||     5
Armor: Skin              |    25 |    21 ||    46
Dodge: Dodged            |    61 |    61 ||   122
